 Dungeon Crawl Stone Soup version 0.31-a0-233-g139696dc86 (webtiles) character file.

Game seed: 2425649395745818416

67 qw the Shooter (level 4, -13/26 HPs)
             Began as a Gargoyle Hexslinger on July 7, 2023.
             Mangled by an orc warrior
             ... wielding a +0 halberd
              (17 damage)
             ... on level 3 of the Dungeon.
             The game lasted 00:00:41 (2288 turns).

qw the Shooter (Gargoyle Hexslinger)                Turns: 2288, Time: 00:00:41

Health: -13/26     AC:  6    Str: 11    XL:     4   Next: 18%
Magic:  5/5        EV: 12    Int: 14    God:
Gold:   125        SH:  0    Dex: 14    Spells: 4/5 levels left

rFire   . . .        Y - +2 sling
rCold   . . .        (no shield)
rNeg    + . .        c - +0 robe
rPois   inf          (no helmet)
rElec   +            a - +0 cloak
rCorr   .            (no gloves)
SInv    .            (no boots)
Will    .....        (no amulet)
Stlth   +            (no ring)
HPRegen 0.24/turn    (no ring)
MPRegen 0.09/turn

%: no passive effects
@: confused
A: sickness immunity, AC +3, negative energy resistance 1, electricity
resistance, torment resistance 1, petrification resistance
a: no special abilities


You were on level 3 of the Dungeon.
You visited 1 branch of the dungeon, and saw 3 of its levels.

You collected 125 gold pieces.


Innate Abilities, Weirdness & Mutations

You are immune to sickness and miasma.
Your stone body is resilient. (AC +3)
You are immune to poison.
You resist negative energy. (rN+)
You are resistant to electric shocks. (rElec)
You are resistant to unholy torment.
You are immune to petrification.


   Skills:
 - Level 2.0 Fighting
 + Level 4.0 Ranged Weapons
 - Level 1.5 Dodging
 - Level 1.0 Spellcasting
 - Level 2.6 Hexes


You had 4 spell levels left.
You knew the following spells:

 Your Spells              Type           Power      Damage    Failure   Level
a - Slow                  Hex            32%        N/A       9%          1

Your spell library contained the following spells:

 Spells                   Type           Power      Damage    Failure   Level
 Inner Flame              Hex/Fire       4%         N/A       41%         3
 Portal Projectile        Hex/Tloc       8%         N/A       41%         3
 Cause Fear               Hex            4%         N/A       65%         4

Inventory:

Hand Weapons
 Y - a +2 sling (weapon)
Armour
 a - a +0 cloak (worn)
 c - a +0 robe (worn)
 j - a +0 pair of gloves
Scrolls
 f - a scroll of immolation {unknown}
 g - a scroll of teleportation
 i - 3 scrolls of identify
Potions
 b - a potion of curing {unknown}
 d - a potion of berserk rage {unknown}
 e - a potion of resistance {unknown}
 h - a potion of heal wounds {unknown}

Dungeon Overview and Level Annotations

Branches:
Dungeon (3/15)

Altars:


Message History

The orc wizard flickers and vanishes!
Deactivating autopickup; reactivate with Ctrl-A.
An orc warrior comes into view. It is wielding a +0 halberd.
Enter note:
Enter note:
Enter note:
Enter note:
2278 ||| Stepping ~*~*~tactically~*~*~ (outnumbered).
You shoot a sling bullet. You shoot a sling bullet. You shoot a sling bullet.
The sling bullet closely misses the orc priest.
You shoot a sling bullet. The sling bullet hits the orc priest.
The orc priest is heavily wounded.
You shoot a sling bullet.
The sling bullet closely misses the orc priest.
The orc priest hits you with a +0 club.
You shoot a sling bullet.
The sling bullet closely misses the orc priest.
The orc priest mumbles some strange prayers to Beogh against you.
Beogh smites you!
You shoot a sling bullet.
The sling bullet hits the orc priest but does no damage.
The orc priest is heavily wounded.
You shoot a sling bullet. The sling bullet hits the orc priest.
The orc priest is heavily wounded.
The orc priest closely misses you. Something hits you but does no damage.
The orc warrior barely misses you.
You shoot a sling bullet.
The sling bullet barely misses the orc priest.
The orc priest hits you with a +0 club.
You hear some strange, mumbled words.
You are confused.
The orc warrior hits you with a +0 halberd.
Something hits you. The orc warrior barely misses you.
The orc priest hits you with a +0 club. The orc priest hits you with a +0 club.
Something hits you but does no damage.
The orc warrior hits you with a +0 halberd!
Ouch! That really hurt!
You die...

#.##+## .#.. .....#
...... ###..# ......
#..# o.#... # #..#
.... .#
##..##.##o###..####.#
#.............<.....#
#.#####..###.#{#o..#
##.## ......o@.###
.#..# .......#.#
.##.# .#####.#.#
....# ..#.# .####
#######.# .#
#.......# .#######
#)#######
.##....####.#....#
.##....##.....#


You could see an orc warrior and an orc priest.

Vanquished Creatures
  2 adders
  2 dart slugs (D:2)
  4 bats
  An endoplasm (D:1)
  3 giant cockroaches
  A goblin (D:1)
  9 hobgoblins
  4 jackals (D:2)
  A quokka (D:2)
  3 ball pythons
  A frilled lizard (D:2)
  4 kobolds
  7 rats
42 creatures vanquished.

Notes
Turn   | Place    | Note
-------+----------+-------------------------------------------
     0 | D:1      | qw the Gargoyle Hexslinger began the quest for the Orb.
     0 | D:1      | Reached XP level 1. HP: 12/12 MP: 2/2
     0 | D:1      | 0 ||| qw: Version: 0.3-a-46-gb1f654a
     0 | D:1      | 0 ||| qw: Game counter: 3266
     0 | D:1      | 0 ||| qw: Melee chars always use a shield: true
     0 | D:1      | 0 ||| qw: God list: Okawaru
     0 | D:1      | 0 ||| qw: Allow faded altars: false
     0 | D:1      | 0 ||| qw: Do Orc after clearing Dungeon:15 true
     0 | D:1      | 0 ||| qw: Do second Lair branch before Depths: true
     0 | D:1      | 0 ||| qw: Lair rune preference: random
     0 | D:1      | 0 ||| qw: Goals: Normal
     0 | D:1      | 0 ||| PLANNING D:1-11
   397 | D:1      | Reached XP level 2. HP: 16/16 MP: 3/3
   873 | D:1      | 873 ||| READING scroll labelled ARISIN BUNTA.
   878 | D:1      | 878 ||| READING 3 scrolls labelled LINNOI QEENLUK.
   979 | D:1      | 979 ||| READING scroll labelled PICAXKE MOAFEG.
   980 | D:1      | 980 ||| DROPPING scroll of poison.
   981 | D:1      | 981 ||| DROPPING 2 scrolls of silence.
  1150 | D:2      | Reached skill level 3 in Ranged Weapons
  1317 | D:2      | Reached XP level 3. HP: 21/21 MP: 4/4
  1341 | D:2      | 1341 ||| UPGRADING to +0 cloak.
  1349 | D:2      | 1349 ||| READING scroll labelled ZOKIPP BIJ BOM.
  1889 | D:2      | 1889 ||| READING scroll labelled YDEDYS YG METHO.
  1890 | D:2      | 1890 ||| READING 2 scrolls labelled WYEMAA VINOT.
  1891 | D:2      | 1891 ||| DRINKING 2 amethyst potions.
  1892 | D:2      | 1892 ||| DROPPING potion of brilliance.
  1997 | D:3      | Reached XP level 4. HP: 26/26 MP: 5/5
  2214 | D:3      | Reached skill level 4 in Ranged Weapons
  2277 | D:3      | Noticed an orc warrior
  2278 | D:3      | 2278 ||| Stepping ~*~*~tactically~*~*~ (outnumbered).
  2288 | D:3      | HP: 4/26 [orc priest/+0 club (4)]
  2288 | D:3      | Mangled by an orc warrior

Levels and vault maps discovered:
D:1:      psy_arrival_statuary, layout_basic, minmay_misc_feat_rows
D:2:      layout_basic, serial_glass, glass_columns_b, glass_columns_c,
          kennysheep_generic_room_9
D:3:      layout_basic, lemuel_coloured_pillars_altar, trog_hazing_becter

Skill      XL: |  1  2  3  4 |
---------------+-------------+-----
Ranged Weapons | 3 4 |  4.0
Fighting       | 2 |  2.0
Dodging        | |  1.5
Spellcasting   | |  1.0
Hexes          | |  2.6

Action                     |  1- 3 |  4- 6 || total
---------------------------+-------+-------++-------
   Fire: Sling             |   106 |    49 ||   155
    Use: Scroll            |     6 |       ||     6
         Potion            |     1 |       ||     1
 Armour: Robe              |    19 |    13 ||    32
  Dodge: Dodged            |    36 |    20 ||    56

Table legend:
 A = Non-vault XP
 B = Vault XP
 C = Vault XP percentage of total XP
 D = Non-vault monster count
 E = Vault monster count
 F = Vault count percentage of total count
                 A         B        C        D         E       F
            +---------+---------+-------+---------+---------+-------
      Total |      97 |       0 |   0.0 |      42 |       0 |   0.0
            +---------+---------+-------+---------+---------+-------
        D:1 |      14 |       0 |   0.0 |       9 |       0 |   0.0
        D:2 |      47 |       0 |   0.0 |      18 |       0 |   0.0
        D:3 |      36 |       0 |   0.0 |      15 |       0 |   0.0
            +---------+---------+-------+---------+---------+-------
